 Dungeon Crawl Stone Soup version 0.31-a0-233-g139696dc86 (webtiles) character file.

Game seed: 3704773623237907000

8971 avis the Grappler (level 11, -2/115 HPs)
             Began as an Ogre Transmuter on July 8, 2023.
             Was an Initiate of Gozag.
             Slain by a polar bear (4 damage)
             ... on level 2 of the Lair of Beasts on July 9, 2023.
             The game lasted 01:13:42 (11441 turns).

avis the Grappler (Ogre Transmuter)                Turns: 11441, Time: 01:13:43

Health: -2/115     AC:  6    Str: 16    XL:     11   Next: 39%
Magic:  15/26      EV: 10    Int: 18    God:    Gozag
Gold:   1600       SH:  0    Dex:  9    Spells: 1/18 levels left

rFire   . .          .
                       - Unarmed
rCold   . . .        (shield currently unavailable)
rNeg    . . .        a - +0 robe
rPois   .            M - +2 hat
rElec   .            k - +0 cloak
rCorr   .            (gloves unavailable)
SInv    .            (boots unavailable)
Will    ++...        j - amulet of the acrobat
Stlth   +            p - ring of willpower
HPRegen 0.39/turn    y - ring of magical power
MPRegen 0.20/turn

%: acrobat
@: blade hands, very slightly contaminated
A: large, unfitting armour, tough skin 1, passive freeze
a: End Transformation, Renounce Religion, Potion Petition, Call Merchant, Bribe
Branch


You were on level 2 of the Lair of Beasts.
You worshipped Gozag.
Gozag was most pleased with you.
You had blades for hands.
You visited 3 branches of the dungeon, and saw 11 of its levels.
You also visited: Ossuary.

You collected 1648 gold pieces.
You paid 48 gold pieces to Gozag.

Inventory:

Hand Weapons
 b - a +0 orcbow
 w - a +4 flail
Missiles
 i - 4 boomerangs
 D - 13 poisoned darts
 N - a throwing net
Armour
 a - a +0 robe (worn)
 c - a scarf of harm
 k - a +0 cloak (worn)
 M - a +2 hat (worn)
Jewellery
 j - an amulet of the acrobat (around neck)
 p - a ring of willpower (left blade hand)
 y - a ring of magical power (right blade hand)
 F - a ring of protection from cold
Wands
 x - a wand of flame (14)
 A - a wand of iceblast (11)
Scrolls
 d - 2 scrolls of fog
 e - 2 scrolls of vulnerability
 g - a scroll of revelation
 h - a scroll of immolation {unknown}
 l - a scroll of blinking {unknown}
 m - 3 scrolls of teleportation
 n - 4 scrolls of enchant weapon
 t - a scroll of amnesia {unknown}
 B - a scroll of poison {unknown}
 E - a scroll of torment {unknown}
 J - a scroll of noise {unknown}
Potions
 f - 3 potions of mutation
 q - 2 potions of enlightenment


   Skills:
 - Level 9.0 Fighting
 - Level 4.0 Dodging
 * Level 11.8 Unarmed Combat
 - Level 4.0 Spellcasting
 - Level 1.0 Translocations
 - Level 7.0 Transmutations
 - Level 4.0 Ice Magic
 - Level 1.0 Poison Magic


You had one spell level left.
You knew the following spells:

 Your Spells              Type           Power      Damage    Failure   Level
a - Beastly Appendage     Tmut           56%        N/A       14%         1
b - Blink                 Tloc           14%        N/A       54%         2
e - Wereblood             Tmut           28%        N/A       17%         2
p - Spider Form           Tmut/Pois      18%        N/A       43%         3
q - Ice Form              Ice/Tmut       23%        N/A       56%         4
B - Blade Hands           Tmut           14%        N/A       65%         5

Your spell library contained the following spells:

 Spells                   Type           Power      Damage    Failure   Level
 Slow                     Hex            12%        N/A       54%         1
 Lesser Beckoning         Tloc           14%        N/A       54%         2
 Momentum Strike          Conj/Tloc      10%        3d8       61%         2
 Poisonous Vapours        Pois/Air       10%        N/A       61%         2
 Cigotuvi's Dreadful Rot  Necr/Pois/Air  8%         N/A       63%         2
 Portal Projectile        Hex/Tloc       10%        N/A       77%         3
 Mephitic Cloud           Conj/Pois/Air  4%         N/A       78%         3
 Confusing Touch          Hex            3%         N/A       82%         3
 Tukima's Dance           Hex            3%         N/A       82%         3
 Vampiric Draining        Necr           3%         2d6       82%         3
 Dispel Undead            Necr           3%         3d7       98%         4
 Freezing Cloud           Conj/Ice/Air   4%         6-21      99%         5
 Death Channel            Necr           1%         N/A       100%        6


Dungeon Overview and Level Annotations

Branches:
Dungeon (8/15)             Temple (1/1) D:4            Lair (1/5) D:8
Ossuary (visited)

Altars:
Ashenzari
Dithmenos
Elyvilon
Fedhas
Gozag
Hepliaklqana
Kikubaaqudgha
Okawaru
Qazlal
Ru
Sif Muna
Trog
Wu Jian
Yredelemnul
The Shining One

Annotations:
D:6 3 runed translucent doors, Zonian's ghost, novice DEEE


Innate Abilities, Weirdness & Mutations

You have blades for hands.
Your spellcasting is less reliable in this form.
You are incapable of wielding weapons or throwing items.
You are too large for most types of armour.
You have tough skin. (AC +1)
A frigid envelope surrounds you and freezes all who hurt you.


Message History

The elephant is very cold.
The elephant is almost dead.
You pummel the elephant!!
You feel a bit better.
You kill the elephant!
Your primal bloodlust is almost over.
A polar bear comes into view.
Casting: Beastly Appendage (safe; 1% risk of failure)
Confirm with . or Enter, or press ? or * to list all spells.
You miscast Blade Hands.
You are very lightly contaminated with residual magic.
Nothing appears to happen.
Casting: Blade Hands (dangerous; 22% risk of failure)
Confirm with . or Enter, or press ? or * to list all spells.
Your horns disappear.
Your talons disappear.
Your +2 hat unmelds from your body.
Your hands turn into razor-sharp scythe blades.
You see here 26 gold pieces.
You now have 1600 gold pieces (gained 26).
The polar bear is distracted by your dazzling golden aura.
Your primal bloodlust has ended.
You catch the helpless polar bear completely off-guard!
You slice the polar bear!!
The polar bear is no longer distracted by gold.
The polar bear is heavily wounded.
You slash the polar bear!
The polar bear is severely wounded.
The polar bear bites you!
* * * LOW HITPOINT WARNING * * *
The polar bear claws you but does no damage.
The polar bear resists.
The polar bear is very cold.
The polar bear is severely wounded.
The polar bear claws you.
* * * LOW HITPOINT WARNING * * *
The polar bear resists.
The polar bear is very cold.
The polar bear is almost dead.
You hit the polar bear.
The polar bear is almost dead.
The polar bear bites you.
You die...
Your body crumbles into a pile of gold.

##........###
P##.........#.#
................
................
................
................
.......h........
.......@........
................
................
##.#####.P#####.
$ # #..## ####


You could see a polar bear.

Vanquished Creatures
  2 two-headed ogres (D:8)
  4 elephants (Lair:2)
  A torpor snail (Lair:1)
  A komodo dragon (Lair:1)
  2 rime drakes (Lair:1)
  4 blink frogs
  3 wyverns
  Eustachio (D:6)
  2 yaks (Lair:1)
  5 water moccasins
  Duvessa (D:4)
  A sky beast (D:5)
  2 orc warriors (D:7)
  A black bear (D:6)
  An ice beast (D:6)
  3 centaurs
  An ogre (D:7)
  2 kobold brigands
  4 bullfrogs
  7 scorpions
  Dowan (D:4)
  4 centaur zombies (Ossuary)
  2 hounds
  2 jellies
  A gnoll bouda (D:5)
  3 orc priests
  3 sleepcaps (D:5)
  6 iguanas
  12 orc wizards
  6 hell rats (Lair:1)
  4 mummies (Ossuary)
  Robin (D:4)
  5 adders
  12 gnolls
  11 river rats (Lair:1)
  3 ufetubi
  2 worms
  A dart slug (D:5)
  32 orcs
  10 ball pythons
  10 endoplasms
  A giant cockroach (D:1)
  15 goblins
  9 hobgoblins
  13 jackals
  11 quokkas
  A bat (D:2)
  2 frilled lizards (D:1)
  5 hobgoblin zombies (Ossuary)
  19 kobolds
  13 rats
268 creatures vanquished.

Notes
Turn   | Place    | Note
-------+----------+-------------------------------------------
     0 | D:1      | avis the Ogre Transmuter began the quest for the Orb.
     0 | D:1      | Reached XP level 1. HP: 19/19 MP: 3/3
   140 | D:1      | Reached skill level 3 in Unarmed Combat
   140 | D:1      | Reached XP level 2. HP: 24/28 MP: 3/5
   260 | D:1      | Learned a level 2 spell: Wereblood
  1325 | D:2      | Reached XP level 3. HP: 31/35 MP: 7/7
  1331 | D:2      | Learned a level 3 spell: Spider Form
  1673 | D:2      | Found a hazy altar of Hepliaklqana.
  2217 | D:2      | Learned a level 2 spell: Blink
  2236 | D:3      | Reached XP level 4. HP: 24/42 MP: 8/8
  2382 | D:3      | Found a faded altar of an unknown god.
  2598 | D:3      | Gained mutation: Your spells are a little harder to cast,
                  | but a little more powerful. [potion of mutation]
  2598 | D:3      | Gained mutation: You have a pair of small horns on your
                  | head. [potion of mutation]
  2601 | D:3      | Reached skill level 1 in Translocations
  2606 | D:3      | HP: 2/67 [orc/+0 dagger (3)]
  2940 | D:3      | Noticed a scorpion
  2963 | D:3      | Killed a scorpion
  2964 | D:3      | Reached XP level 5. HP: 38/53 MP: 2/10
  3297 | D:3      | Found a basalt altar of Yredelemnul.
  3580 | D:4      | Found a staircase to the Ecumenical Temple.
  3760 | D:4      | Reached skill level 4 in Unarmed Combat
  3902 | D:4      | Reached XP level 6. HP: 61/61 MP: 7/12
  3994 | D:4      | Noticed Dowan
  3996 | D:4      | Noticed Duvessa
  4016 | D:4      | Killed Duvessa
  4018 | D:4      | Killed Dowan
  4019 | D:4      | Reached XP level 7. HP: 11/67 MP: 6/13
  4021 | D:4      | HP: 5/100 [scorpion (6)]
  4024 | D:4      | Reached skill level 5 in Unarmed Combat
  4024 | D:4      | HP: 2/100 [ufetubus (3)]
  4089 | D:4      | HP: 3/67 [scorpion (6)]
  4129 | D:4      | Found a sand-covered staircase.
  4148 | Ossuary  | Entered an ossuary
  4530 | D:4      | Reached skill level 6 in Unarmed Combat
  4680 | D:4      | Noticed Robin
  4693 | D:4      | Killed Robin
  4903 | D:4      | Found an ancient bone altar of Kikubaaqudgha.
  5198 | D:5      | Entered Level 5 of the Dungeon
  5241 | D:5      | Reached XP level 8. HP: 30/79 MP: 10/14
  5252 | D:5      | Reached skill level 5 in Fighting
  5593 | Temple   | Entered the Ecumenical Temple
  5627 | Temple   | Became a worshipper of Gozag Ym Sagoz the Greedy
  5643 | D:5      | Found a stormy altar of Qazlal.
  5659 | D:5      | Reached skill level 7 in Unarmed Combat
  5659 | D:5      | Reached skill level 1 in Poison Magic
  5880 | D:4      | Learned a level 4 spell: Ice Form
  6477 | D:5      | Reached skill level 8 in Unarmed Combat
  6728 | D:6      | Noticed Zonian's ghost (novice DEEE)
  6993 | D:6      | Reached XP level 9. HP: 74/88 MP: 15/15
  7100 | D:6      | Found a runed translucent gate.
  7101 | D:6      | Found a runed translucent gate.
  7102 | D:6      | Found a runed translucent gate.
  7334 | D:6      | Reached skill level 9 in Unarmed Combat
  7417 | D:6      | Noticed Eustachio
  7427 | D:6      | Killed Eustachio
  7439 | D:6      | Gained mutation: You are dopey. (Int -2) [mutagenic glow]
  7445 | D:6      | Lost mutation: You are dopey. (Int -2) [potion of mutation]
  7445 | D:6      | Lost mutation: You have a pair of small horns on your head.
                  | [potion of mutation]
  7445 | D:6      | Lost mutation: Your spells are a little harder to cast, but
                  | a little more powerful. [potion of mutation]
  7445 | D:6      | Gained mutation: You have a pair of small antennae on your
                  | head. [potion of mutation]
  7445 | D:6      | Lost mutation: You have a pair of small antennae on your
                  | head. [potion of mutation]
  7445 | D:6      | Gained mutation: A frigid envelope surrounds you and
                  | freezes all who hurt you. [potion of mutation]
  7590 | D:6      | Reached skill level 5 in Transmutations
  8071 | D:7      | Reached skill level 10 in Unarmed Combat
  8404 | D:7      | Reached XP level 10. HP: 77/98 MP: 16/16
  8428 | D:7      | Learned a level 5 spell: Blade Hands
  8728 | D:8      | Noticed a two-headed ogre
  8732 | D:8      | Found a staircase to the Lair.
  8743 | D:8      | Killed a two-headed ogre
  9452 | D:8      | Found a sacrificial altar of Ru.
  9530 | D:8      | Noticed a two-headed ogre
  9540 | D:8      | Killed a two-headed ogre
  9541 | D:8      | Reached skill level 11 in Unarmed Combat
  9743 | D:8      | Found a transporter.
  9745 | D:8      | Found a transporter.
  9749 | D:8      | Found a transporter.
  9772 | D:8      | Found a transporter.
 10379 | Lair:1   | Entered Level 1 of the Lair of Beasts
 10447 | Lair:1   | Noticed a torpor snail
 10464 | Lair:1   | Killed a torpor snail
 11056 | Lair:1   | Reached XP level 11. HP: 67/111 MP: 17/17
 11373 | Lair:1   | You fall into a shaft and drop 1 floor!
 11440 | Lair:2   | HP: 2/115 [polar bear (4)]
 11441 | Lair:2   | Slain by a polar bear

Illustrated notes

Levels and vault maps discovered:
D:1:      mainiacjoe_arrival_reflecting_pool, layout_basic
D:2:      layout_loops_ring, basic_altar, chequers_serial_rivers_micro_d
D:3:      layout_basic, lemuel_coloured_pillars_altar,
          hellmonk_ecumenical_altar_dog_temple, kennysheep_cross_room
D:4:      layout_cave_pools, mainiacjoe_overflow_catwalk,
          minmay_temple_entry_stoned_glass, enter_ossuary_1, uniq_robin,
          uniq_duvessa
D:5:      layout_basic, nicolae_qazlal_beasts_of_the_sky
D:6:      black_bear_nest_1, layout_basic, gammafunk_ghost_icy, uniq_eustachio
D:7:      layout_rooms, chequers_serial_rivers_small_b
D:8:      layout_loops_corners, nicolae_overflow_crystal_walls,
          lair_entry_dummy, minmay_misc_feat_enclosed,
          nicolae_transporter_circle
Temple:   minmay_freezing_vapour_temple
Lair:1:   lemuel_ratsnest, layout_regular_city
Lair:2:   layout_big_grid, patterned_corridor, grunt_megastairs_5

Skill      XL: |  1  2  3  4  5  6  7  8  9 10 11 |
---------------+----------------------------------+-----
Fighting       | 2 3 4 5 6 8 9 |  9.0
Unarmed Combat | 3 4 6 8 10 11 | 11.8
Dodging        | 2 3 4 |  4.0
Spellcasting   | 3 4 |  4.0
Transmutations | 2 3 4 6 7 |  7.0
Translocations | 1 |  1.0
Poison Magic   | 1 |  1.0
Ice Magic      | 4 |  4.0

Action                     |  1- 3 |  4- 6 |  7- 9 | 10-12 || total
---------------------------+-------+-------+-------+-------++-------
  Melee: Unarmed           |   121 |   100 |   303 |   194 ||   718
         Kick              |    23 |    14 |    28 |    11 ||    76
         Club              |     4 |       |       |       ||     4
         Headbutt          |    11 |     3 |    27 |     4 ||    45
         Punch             |       |     1 |     5 |     5 ||    11
   Cast: Beastly Appendage |    30 |    16 |    14 |     4 ||    64
         Wereblood         |     1 |     3 |    12 |    11 ||    27
         Spider Form       |       |     6 |    35 |    20 ||    61
         Blade Hands       |       |       |       |     2 ||     2
Ability: End Transformatio |       |       |       |     1 ||     1
    Use: Potion            |       |     3 |     8 |     2 ||    13
         Scroll            |       |       |     5 |     7 ||    12
   Stab: Distracted        |       |       |       |     2 ||     2
         Sleeping          |       |       |       |     1 ||     1
 Armour: Robe              |    36 |    14 |    39 |     5 ||    94
         Skin              |       |    13 |    14 |     2 ||    29
  Dodge: Dodged            |    66 |   101 |   221 |   108 ||   496

Table legend: (Time is in decaauts)
 A = Elapsed time spent in this place.
 B = Non-inter-level travel time spent in this place.
 C = Inter-level travel time spent in this place.
 D = Time resting spent in this place.
 E = Time spent auto-exploring this place.
 F = Levels seen in this place.
 G = Mean time per level.
                   A        B        C        D        E       F      G
               +--------+--------+--------+--------+--------+-----+--------+
         Total |  11379 |  10476 |    903 |   3433 |   3942 |  12 |  948.2 |
       Dungeon |   9902 |   9000 |    902 |   2817 |   3824 |   8 | 1237.8 |
        Temple |     55 |     54 |      1 |      0 |      0 |   1 |   55.0 |
          Lair |   1039 |   1039 |      0 |    377 |    118 |   2 |  519.5 |
       Ossuary |    383 |    383 |      0 |    239 |      0 |   1 |  383.0 |
               +--------+--------+--------+--------+--------+-----+--------+

Top non-repeatable levels by time:
     D:3: 1677 daAuts
     D:4: 1550 daAuts
     D:1: 1292 daAuts
     D:8: 1287 daAuts
     D:5: 1100 daAuts
     D:6: 1046 daAuts
     D:7: 1019 daAuts
  Lair:1: 978 daAuts
     D:2: 928 daAuts
 Ossuary: 383 daAuts
  Lair:2: 60 daAuts
  Temple: 55 daAuts
